 Dungeon Crawl Stone Soup version 0.31-a0-986-g5e6e4ef867 (webtiles) character file.

Game seed: 9591697076048889563

1946 Pooter the Cleaver (level 8, 0/73 HPs)
             Began as a Minotaur Berserker on Nov 18, 2023.
             Was a Believer of Trog.
             Engulfed by a steam dragon's steam (4 damage)
             ... on level 8 of the Dungeon.
             The game lasted 00:21:11 (4417 turns).

Pooter the Cleaver (Minotaur Berserker)             Turns: 4417, Time: 00:21:12

Health: 0/73       AC:  7    Str: 25    XL:     8   Next: 98%
Magic:  7/7        EV: 10    Int:  4    God:    Trog [**....]
Gold:   303        SH:  5    Dex:  9    Spells: 7/7 levels left

rFire   . . .        a - +0 trident
rCold   . . .        (no shield)
rNeg    . . .        g - +0 scale mail
rPois   .            (helmet restricted)
rElec   .            (no cloak)
rCorr   .            D - +0 pair of gloves
SInv    .            (no boots)
Will    ++...        p - amulet of reflection Stlth
                     (no ring)
HPRegen 1.32/turn    (no ring)
MPRegen 0.10/turn

%: reflection
@: strong-willed, regenerating
A: horns 2, retaliatory headbutt
a: Renounce Religion, Berserk, Trog's Hand


You were on level 8 of the Dungeon.
You worshipped Trog.
Trog was pleased with you.
You visited 1 branch of the dungeon, and saw 7 of its levels.

You collected 303 gold pieces.

Inventory:

Hand Weapons
 a - a +0 trident (weapon)
   (You took it off an orc on level 3 of the Dungeon)
 b - a +0 orcbow
   (You took it off a centaur on level 5 of the Dungeon)
 s - a +2 sling of freezing
   (You took it off a kobold on level 4 of the Dungeon)
 x - a +0 hand axe
 A - a +2 whip of flaming
   (You took it off Pikel on level 5 of the Dungeon)
Missiles
 d - 2 curare-tipped darts
 i - 9 boomerangs
 m - 25 poisoned darts (quivered)
 Q - 38 stones
Armour
 g - a +0 scale mail (worn)
   (You took it off an orc on level 3 of the Dungeon)
 D - a +0 pair of gloves (worn)
   (You found it on level 6 of the Dungeon)
Jewellery
 p - an amulet of reflection (around neck)
   (You found it on level 2 of the Dungeon)
Wands
 B - a wand of light (10)
   (You took it off Ijyb on level 5 of the Dungeon)
Scrolls
 e - 2 scrolls of enchant armour {unknown}
 l - 2 scrolls of fear
 q - a scroll of revelation
 r - a scroll of blinking {unknown}
 t - 2 scrolls of teleportation {@r4}
 w - 2 scrolls of poison {!r}
 y - a scroll of immolation {unknown}
 z - a scroll of silence {unknown}
 C - a scroll of noise {unknown}
Potions
 c - 2 potions of curing {unknown}
 f - a potion of enlightenment {unknown}
 h - a potion of haste {@q3}
 j - a potion of magic {unknown}
 k - a potion of lignification {unknown}
 n - a potion of brilliance {unknown}
 o - a potion of heal wounds {unknown}
 u - a potion of berserk rage {unknown}
 v - a potion of mutation {unknown}


   Skills:
 + Level 7.2 Fighting
 * Level 9.6 Axes
 * Level 7.9 Ranged Weapons
 - Level 2.4 Armour
 - Level 2.1 Dodging
 - Level 0.3 Stealth


You had 7 spell levels left.
You didn't know any spells.
Your spell library was empty.

Dungeon Overview and Level Annotations

Branches:
Dungeon (6/15) Zot: 26967
 Temple: D:4-7

Altars:
Cheibriados
Dithmenos
Hepliaklqana
Makhleb

Shops:
D:5 [


Innate Abilities, Weirdness & Mutations

You have a pair of horns on your head.
You reflexively headbutt those who attack you in melee.


Message History

The orc warrior barely misses you.
The orc shouts!
You hit the orc warrior but do no damage.
Something hits you but does no damage.
An orc priest comes into view. It is wielding a +0 mace.
The orc warrior closely misses you. You furiously retaliate!
You headbutt the orc warrior!
You kill the orc warrior!
Trog accepts your kill.
Aiming: Bolt of Light
Press: ? - help, Shift-Dir - straight line, f - orc priest
Aim: an orc priest, wielding a +0 mace (wandering, hasn't noticed you, 71% to hit)
The bolt of light hits the steam dragon!
The steam dragon is blinded.
The bolt of light hits the orc!
You kill the orc!
Trog accepts your kill.
The bolt of light hits the orc priest!
The orc priest shouts!
The orc priest is blinded.
The orc priest mumbles some strange prayers to Beogh against you.
Beogh smites you! The steam dragon breathes steam at you.
The ball of steam hits something!
Reactivating autopickup.
The ball of steam hits you!
* * * LOW HITPOINT WARNING * * *
You hear a shout! x2
Unknown command.
Aiming: Bolt of Light
Press: ? - help, Shift-Dir - straight line, f/p - orc priest
Aim: an orc priest, wielding a +0 mace (severely wounded, blind, 71% to hit)
The bolt of light hits the steam dragon!
The bolt of light hits the orc priest!
You kill the orc priest!
Trog accepts your kill.
You are engulfed in a cloud of scalding steam.
* * * LOW HITPOINT WARNING * * *
You hit the steam dragon.
You are engulfed in a cloud of scalding steam.
* * * LOW HITPOINT WARNING * * *
An orc wizard comes into view. It is wielding a +0 dagger.
The steam dragon closely misses you. The steam dragon claws you.
* * * LOW HITPOINT WARNING * * *
You hit the steam dragon. Your headbutt misses the steam dragon.
You are engulfed in a cloud of scalding steam.
* * * LOW HITPOINT WARNING * * *
You block the steam dragon's attack. The steam dragon barely misses you.
You closely miss the steam dragon.
You are engulfed in a cloud of scalding steam.
You die...

.o .. ..
#.#....#
#... _.#
#.)....#
#./#..##..
#.........
#.# ####.#
#.@).#
#D#### #.
.. o## #)
#


You could see a steam dragon (blind) and an orc wizard.

Vanquished Creatures
  Pikel (D:5)
  Grinder (D:5)
  Sigmund (D:4)
  A wraith (D:5)
  A water moccasin (D:5)
  An ogre (D:3)
  An orc warrior (D:8)
  A centaur (D:5)
  2 scorpions
  A jelly (D:6)
  A hound (D:4)
  4 orc priests
  A sleepcap (D:5)
  2 iguanas (D:5)
  Ijyb (D:5)
  4 orc wizards
  8 adders
  A worm (D:2)
  A dart slug (D:3)
  14 orcs
  3 bats
  13 endoplasms
  3 giant cockroaches
  9 goblins
  5 hobgoblins
  4 jackals (D:1)
  2 quokkas
  6 ball pythons
  7 frilled lizards
  7 kobolds
  10 rats
117 creatures vanquished.

Vanquished Creatures (others)
  An orc wizard (D:8)
1 creature vanquished.

Grand Total: 118 creatures vanquished

Notes
Turn   | Place    | Note
-------+----------+-------------------------------------------
     0 | D:1      | Pooter the Minotaur Berserker began the quest for the Orb.
     0 | D:1      | Reached XP level 1. HP: 19/19 MP: 0/0
   142 | D:1      | Reached XP level 2. HP: 27/27 MP: 1/1
   166 | D:1      | Reached skill level 4 in Axes
   262 | D:1      | Reached skill level 1 in Ranged Weapons
   426 | D:1      | Reached ** piety under Trog
   522 | D:1      | Reached XP level 3. HP: 33/33 MP: 2/2
  1235 | D:2      | Reached XP level 4. HP: 37/40 MP: 3/3
  1494 | D:3      | Noticed an ogre
  1503 | D:3      | Killed an ogre
  1504 | D:3      | Reached skill level 5 in Axes
  1504 | D:3      | Reached XP level 5. HP: 13/47 MP: 4/4
  1918 | D:3      | Reached XP level 6. HP: 30/55 MP: 5/5
  2294 | D:4      | Noticed Sigmund
  2319 | D:3      | Reached skill level 5 in Fighting
  2319 | D:3      | Reached skill level 6 in Axes
  2599 | D:4      | Killed Sigmund
  2600 | D:4      | Reached XP level 7. HP: 43/61 MP: 6/6
  2791 | D:5      | Entered Level 5 of the Dungeon
  2816 | D:5      | Reached skill level 5 in Ranged Weapons
  2852 | D:5      | Found a hazy altar of Hepliaklqana.
  2860 | D:5      | Reached skill level 7 in Axes
  2959 | D:5      | Found a shadowy altar of Dithmenos.
  2959 | D:5      | Noticed a shadow
  3233 | D:5      | Noticed Pikel
  3241 | D:5      | Killed Pikel
  3242 | D:5      | Reached skill level 8 in Axes
  3242 | D:5      | Reached XP level 8. HP: 62/71 MP: 7/7
  3418 | D:5      | Noticed Ijyb
  3427 | D:5      | Killed Ijyb
  3846 | D:5      | Found a burning altar of Makhleb.
  3871 | D:5      | Noticed Grinder
  3886 | D:5      | Killed Grinder
  4024 | D:5      | Found Muffan's Armour Shoppe.
  4212 | D:5      | Reached skill level 9 in Axes
  4385 | D:6      | You fall into a shaft and drop 2 floors!
  4386 | D:8      | Found a snail-covered altar of Cheibriados.
  4416 | D:8      | HP: 2/73 [steam dragon] (6)]
  4417 | D:8      | Engulfed by a steam dragon's steam

Illustrated notes

Levels and vault maps discovered:
D:1:      onia_arrival_mini_spirals, layout_loops_ring, minmay_hexomino_c4
D:2:      layout_loops_ring
D:3:      layout_rooms, nicolae_elevator_lobby_asterisk
D:4:      layout_rooms, uniq_sigmund
D:5:      layout_gridville, marbit_many_paths,
          riverfiend_overflow_shadow_ancestor, serial_shops,
          kennysheep_little_box, chequers_mini_garden, uniq_ijyb, uniq_grinder,
          uniq_pikel
D:6:      cheibrodos_quashed, layout_rooms, lemuel_zombie_altar_yredelemnul,
          minmay_temple_entry_water_ring
D:8:      layout_basic, cheibriados_altar_1, minmay_manual_mess, uniq_psyche,
          uniq_grum

Skill      XL: |  1  2  3  4  5  6  7  8 |
---------------+-------------------------+-----
Axes           | 4 5 6 8 9 |  9.6
Ranged Weapons | 1 2 3 4 6 7 |  7.9
Fighting       | 4 5 6 7 |  7.2
Armour         | |  2.4
Dodging        | |  2.1
Stealth        | |  0.3

Action                     |  1- 3 |  4- 6 |  7- 9 || total
---------------------------+-------+-------+-------++-------
  Melee: Hand axe          |    38 |    35 |       ||    73
         Headbutt          |     3 |     7 |    17 ||    27
         Punch             |     1 |     2 |       ||     3
         Trident           |       |    25 |    70 ||    95
         Whip              |       |       |     5 ||     5
   Fire: Sling             |    95 |    73 |     9 ||   177
         Orcbow            |       |       |    10 ||    10
  Throw: Dart              |       |     7 |       ||     7
 Invoke: Berserk           |       |     2 |     6 ||     8
         Trog's Hand       |       |     3 |     3 ||     6
  Evoke: Wand              |       |       |     5 ||     5
    Use: Scroll            |     3 |     1 |       ||     4
         Potion            |       |     2 |       ||     2
   Stab: Sleeping          |       |     1 |       ||     1
 Armour: Animal skin       |    28 |    20 |       ||    48
         Scale mail        |       |    23 |    57 ||    80
  Dodge: Dodged            |    44 |    23 |    35 ||   102
  Block: Other             |     5 |    15 |    23 ||    43
         Reflection        |       |     1 |     4 ||     5

Table legend: (Time is in decaauts)
 A = Elapsed time spent in this place.
 B = Non-inter-level travel time spent in this place.
 C = Inter-level travel time spent in this place.
 D = Time resting spent in this place.
 E = Time spent auto-exploring this place.
 F = Levels seen in this place.
 G = Mean time per level.
                   A        B        C        D        E       F      G
               +--------+--------+--------+--------+--------+-----+--------+
         Total |   4535 |   4435 |    100 |   1076 |   2427 |   7 |  647.9 |
       Dungeon |   4535 |   4435 |    100 |   1076 |   2427 |   7 |  647.9 |
               +--------+--------+--------+--------+--------+-----+--------+

Top non-repeatable levels by time:
     D:5: 1581 daAuts
     D:2: 884 daAuts
     D:3: 783 daAuts
     D:1: 780 daAuts
     D:4: 384 daAuts
     D:6: 89 daAuts
     D:8: 32 daAuts
